[Event "Norway Chess 2015 Blitz"]
[Site "Stavanger"]
[Date "2015.06.15"]
[Round "1"]
[White "Giri, Anish"]
[Black "Carlsen, Magnus"]
[Result "1/2-1/2"]
[ECO "C60"]
[WhiteElo "2771"]
[BlackElo "2933"]
[Annotator ""]
[PlyCount "118"]
[EventDate "2015.??.??"]
[EventCountry "NOR"]
[TimeControl "240+2"]

1. e4 e5 2. Nf3 Nc6 3. Bb5 g6 4. O-O Bg7 5. c3 a6 6. Ba4 d6 7. d4 Bd7 8.
Re1 b5 9. Bc2 Nf6 10. h3 O-O 11. Nbd2 Re8 12. Nf1 Na5 13. b3 c5 14. d5 Nh5 15. Bg5 Qc7 16. Ng3 Nf4 17. Qd2 c4 18. b4 Nb7 19. Bxf4 exf4 20. Ne2 a5 21. a3 Qd8 22. Qxf4 Qe7 23. Ned4 Ra6 24. h4 Rea8 25. e5 axb4 26. cxb4 dxe5 27. Nxe5 Bxe5 28. Rxe5 Qf6 29. Qxf6 Rxf6 30. g3 Kf8 31. Re3 Rfa6 32. Kg2 Nd6 33. Ne2 Bf5 34. Nd4 Bc8 35. h5 Bb7 36. Nc6 Bxc6 37. dxc6 Rxc6 38. hxg6 hxg6 39. Rd1 c3 40. Rd5 Rxa3 41. Red3 Nf5 42. g4 Ra2 43. gxf5 Rxc2 44. Rxb5 gxf5 45. Rc5 Rxc5 46. bxc5 Rd2 47. Rxc3 Ke7 48. Kf3 Kd7 49. c6+ Kc7 50. Rc5 Ra2 51. Ke3 f4+ 52. Kf3 Rb2 53. Rc4 Ra2 54. Rc1 Rb2 55. Rc3 Ra2 56. Rc4 Rb2 57. Rxf4 Kxc6 58. Rxf7 Kd6 59. Ra7 Ke5 {Ke4+} 1/2-1/2

[Event "Norway Chess 2015 Blitz"]
[Site "Stavanger"]
[Date "2015.06.15"]
[Round "1"]
[White "Hammer, Jon Ludvig"]
[Black "Aronian, Levon"]
[Result "0-1"]
[ECO "C68"]
[WhiteElo "2648"]
[BlackElo "2816"]
[Annotator ""]
[PlyCount "206"]
[EventDate "2015.??.??"]
[EventCountry "NOR"]
[TimeControl "240+2"]

1. e4 e5 2. Nf3 Nc6 3. Bb5 a6 4. Bxc6 dxc6 5. O-O Bg4 6. h3 h5 7. d3 Qf6 8. Be3 Bxf3 9. Qxf3 Qxf3 10. gxf3 Bd6 11. Rd1 Ne7 12. Nd2 Ng6 13. Kf1 f6 14. c3 c5 15. Nc4 Be7 16. Rac1 O-O-O 17. a3 Nf8 18. b4 Ne6 19. Rb1 b6 20. Ke2 Rd7 21. b5 a5 22.
Rg1 Kd8 23. Rbd1 Ke8 24. a4 Kf7 25. Na3 g6 26. Nc4 Bf8 27. Rg2 Bh6 28. Rdg1 Bxe3 29. fxe3 g5 30. Na3 Rhd8 31. Rd1 h4 32. c4 Ng7 33. Nb1 Nh5 34. Nc3 Ng3+ 35. Ke1 Rxd3 36. Nd5 Ra3 37. Rgd2 Rd7 38. Nc3 Re7 39. Rd3 Rb3 40. Nd5 Rxd3 41. Rxd3 Rd7 42. Kf2 Ke6 43. Ke1 Nh5 44. Kf2 Ng7 45. Rb3 Ne8 46. Ke2 Nd6 47. Kd3 f5 48.
exf5+ Kxf5 49. Rb1 e4+ 50. fxe4+ Nxe4 51. Rf1+ Ke5 52. Rf8 Nd6 53. Rg8 Kf5 54. e4+ Ke6 55. Rxg5 Nf7 56. Rg6+ Ke5
57. Ke3 Nd6 58. Rg5+ Ke6 59. Kd3 Rf7 60. Rg6+ Ke5 61. Rg5+ Ke6 62. e5 Nf5 63. Ke4 Ng3+ 64. Ke3 Nf1+ 65. Ke4 Nd2+ 66. Kd3 Nf3 67. Rh5 Nxe5+ 68. Ke4 Nxc4 69. Rh6+ Kd7 70. Rxh4 Nd6+ 71. Kd3 Rf3+ 72. Ke2 Rf7 73. Rh6 Nf5 74. Rh8 Kd6 75. Nc3 Ke5 76.
Rd8 Nd6 77. Ke3 Rh7 78. Kd3 Rxh3+ 79. Kc2 Kd4 80. Ne2+ Kc4 81. Rd7 Rh2 82. Kd2 Ne4+ 83. Ke3 Nf6 84. Rf7 Nd5+ 85. Kf3 Rh6 86. Rd7 Rd6 87. Rh7 Kb3 88. Ng3 Kxa4 89. Ne4 Kxb5 90. Nxd6+ cxd6 91. Rd7 Kc6 92. Ra7 Nc7 93. Ke4 d5+ 94. Kd3 c4+ 95. Kc2 d4 96. Kd2 Ne6 97. Rh7 Nc5 98. Rh4 Kb5 99. Kc2 d3+ 100. Kc3 Na4+ 101. Kd4 d2 102. Rh1 c3 103. Kd3 d1=R+ {[%emt 0:00:02]
Kd4} 0-1

[Event "Norway Chess 2015 Blitz"]
[Site "Stavanger"]
[Date "2015.06.15"]
[Round "1"]
[White "Nakamura, Hikaru"]
[Black "Topalov, Veselin"]
[Result "1-0"]
[ECO "A01"]
[WhiteElo "2883"]
[BlackElo "2641"]
[Annotator ""]
[PlyCount "55"]
[EventDate "2015.??.??"]
[EventCountry "NOR"]
[TimeControl "240+2"]

1. b3 d5 2. Bb2 Nf6 3. Nf3 e6 4. g3 Be7 5. Bg2 O-O 6. O-O c5 7. e3 Nc6 8. d4 b6 9. dxc5 bxc5 10. c4 Bb7 11. cxd5 exd5 12. Nc3 Rc8 13.
Re1 Re8 14. Nh4 Ne5 15. Nb5 Bf8 16. Nxa7 Ra8 17. Nb5 Qb6 18. a4 c4 19. Bd4 Bc5 20. b4 Bxd4 21. Qxd4 Qxd4 22. Nxd4 Nd3 23. Reb1 Ne4 24. Bxe4 dxe4 25. Nhf5 Bd5 26. Nb5 g6 27. Nfd4 Reb8 28. Nc7 1-0

[Event "Norway Chess 2015 Blitz"]
[Site "Stavanger"]
[Date "2015.06.15"]
[Round "1"]
[White "Vachier-Lagrave, Maxime"]
[Black "Caruana, Fabiano"]
[Result "1-0"]
[ECO "A06"]
[WhiteElo "2886"]
[BlackElo "2679"]
[Annotator ""]
[PlyCount "89"]
[EventDate "2015.??.??"]
[EventCountry "NOR"]
[TimeControl "240+2"]

1. g3 d5 2. Nf3 g6 3. Bg2 Bg7 4. O-O e5 5. d3 Ne7 6. e4 O-O 7. exd5 Nxd5 8. Nc3 Ne7 9. a4 Nbc6 10. a5 Rb8 11. Nd2 b6 12. axb6 cxb6 13. Re1 Bb7 14. Nc4 a6 15.
Ne4 Nf5 16. c3 h6 17. b3 Qc7 18. Ba3 Rfd8 19. Qe2 b5 20. Ne3 Nxe3 21. fxe3 Ne7 22. Bb4 Bxe4 23. Ba5 Qd7 24. Bxe4 Rdc8 25. c4 bxc4 26. bxc4 h5 27. Bc3 Rb6 28. Reb1 Rcb8 29. Rxb6 Rxb6 30. c5 Rb5 31. Rxa6 Rxc5 32. Bb4 Rc1+ 33. Kg2 Qc7 34. Ra2 Bf6 35. h4 Kg7 36. Qf2 Nf5 37. Bxf5 gxf5 38. Bd2 Qc6+ 39. e4 Rd1 40. Qxf5 Qb5 41. Bh6+ Kxh6 42. Qxf6+ Kh7 43. Qxf7+ Kh6 44. Qf6+ Kh7 45.
Ra7+ 1-0

[Event "Norway Chess 2015 Blitz"]
[Site "Stavanger"]
[Date "2015.06.15"]
[Round "2"]
[White "Anand, Viswanathan"]
[Black "Hammer, Jon Ludvig"]
[Result "1-0"]
[ECO "A06"]
[WhiteElo "2767"]
[BlackElo "2648"]
[Annotator ""]
[PlyCount "95"]
[EventDate "2015.??.??"]
[EventCountry "NOR"]
[TimeControl "240+2"]

1. Nf3 d5 2. g3 g6 3. Bg2 Bg7 4. c4 dxc4 5. Na3 c5 6. Nxc4 Nc6 7.
d3 Nh6 8. Be3 Be6 9. O-O b6 10. Rc1 Nf5 11. Bd2 Rc8 12. Bc3 Nfd4 13. Nxd4 Bxd4 14. Qa4 Bd7 15. Bxc6 Bxc6 16. Qxa7 b5 17. Na5 Ba8 18. Bxd4 Qxd4 19. Nb3 Qxb2 20. Rxc5 O-O 21. Rxc8 Rxc8 22. Qxe7 Qxa2 23. Nd4 Qd5 24. Nf3 Qf5 25. Ne5 b4 26. e4 Qe6 27. Qxe6 fxe6 28. Rb1 Rb8 29. f4 Rb6 30. Kf2 Bb7 31. Ke3 Ba6 32. Kd4 Kg7 33. Rb3 h6 34. Kc5 Rb5+ 35.
Kc6 g5 36. Nd7 gxf4 37. gxf4 Rh5 38. Nc5 Bc8 39. Rxb4 e5 40. f5 Rxh2 41. Rb8 Bxf5 42. exf5 Rf2 43. Ne6+ Kf6 44. Rf8+ Ke7 45. Kd5 Rf3 46. Kxe5 Rxd3 47. f6+ Kd7 48. Rd8+ 1-0

[Event "Norway Chess 2015 Blitz"]
[Site "Stavanger"]
[Date "2015.06.15"]
[Round "2"]
[White "Aronian, Levon"]
[Black "Giri, Anish"]
[Result "1-0"]
[ECO "A61"]
[WhiteElo "2816"]
[BlackElo "2771"]
[Annotator ""]
[PlyCount "59"]
[EventDate "2015.??.??"]
[EventCountry "NOR"]
[TimeControl "240+2"]

1. d4 Nf6 2. Nf3 e6 3. c4 c5 4. d5 d6 5. Nc3 exd5 6. cxd5 g6 7. Bf4 a6 8.
Nd2 Nh5 9. Qa4+ b5 10. Nxb5 axb5 11. Qxa8 Qb6 12. e3 Nxf4 13.
exf4 Bg7 14. a4 O-O 15. Bxb5 Bxb2 16. O-O Bxa1 17. Nc4 Qb7 18.
Qxb7 Bxb7 19. Rxa1 Bxd5 20. Nxd6 Rd8 21. Nc4 Nc6 22. Ne3 Nd4 23. Nxd5 Rxd5 24. Bc4 Rd6 25. a5 Nc2 26. Rc1 Nb4 27. Bf1 Rc6 28.
g3 Rc7 29. a6 c4 30. Ra1 1-0

[Event "Norway Chess 2015 Blitz"]
[Site "Stavanger"]
[Date "2015.06.15"]
[Round "2"]
[White "Carlsen, Magnus"]
[Black "Vachier-Lagrave, Maxime"]
[Result "0-1"]
[ECO "A05"]
[WhiteElo "2933"]
[BlackElo "2886"]
[Annotator ""]
[PlyCount "148"]
[EventDate "2015.??.??"]
[EventCountry "NOR"]
[TimeControl "240+2"]

1. Nf3 Nf6 2. g3 b5 3. Bg2 Bb7 4. O-O e6 5. d3 c5 6. e4 d6 7. a4 b4 8. Nbd2 Be7 9. Nc4 O-O 10. Re1 Nbd7 11. Bf4 d5 12. Nd6 Bc6 13. Ng5 Nb6 14. Ndxf7 Rxf7 15. Bh3 Bd7 16. a5 e5 17. axb6 Bxh3 18. b7 Rb8 19. Bxe5 Rxb7 20. Nxh3 Qd7 21. Nf4 dxe4 22. dxe4 Ng4 23. Qd5 Nxe5 24. Qxe5 Bd6 25. Qd5 Bxf4 26. Qxd7 Rbxd7 27. gxf4 Rxf4 28. Re2 Re7 29. e5 Rf5 30. e6 g6 31. Ra6 Kg7 32. Kg2 Kf6 33. Re3 Re5 34. Rxe5 Kxe5 35. Kf3 Kd5 36. h4 h6 37. b3 Rxe6 38. Rxa7 Kd4 39. Rc7 Rf6+ 40. Ke2 Rf5 41. Rc6 Kc3 42. Kd1 g5 43. hxg5 hxg5 44. Kc1 Kd4 45.
Rg6 Ke4 46. Kd2 Kf3 47. Ke1 g4 48. Kf1 Rd5 49. Rf6+ Ke4 50. Ke2 Kd4 51. Rf4+ Kc3 52. Rc4+ Kb2 53. Ke3 Re5+ 54. Kd2 Rf5 55. Ke2 Rh5 56. Kf1 Re5 57. Kg2 Re2 58. Rxc5 Rxc2 59. Rg5 Kxb3 60. Rxg4 Ka3 61. Rg8 b3 62. Ra8+ Kb2 63. Kg3 Rc3+ 64. Kg4 Kc2 65. Rb8 b2 66. Rxb2+ Kxb2 67. f4 Rc4 68. Kf5 Kc3 69. Ke5 Rc5+ 70. Ke4 Rc8 71. f5 Kc4 72. Ke5 Kc5 73. Ke6 Rc6+ 74. Ke7 Kd4 0-1

[Event "Norway Chess 2015 Blitz"]
[Site "Stavanger"]
[Date "2015.06.15"]
[Round "2"]
[White "Nakamura, Hikaru"]
[Black "Grischuk, Alexander"]
[Result "0-1"]
[ECO "A02"]
[WhiteElo "2883"]
[BlackElo "2839"]
[Annotator ""]
[PlyCount "102"]
[EventDate "2015.??.??"]
[EventCountry "NOR"]
[TimeControl "240+2"]

1. f4 g6 2. e4 d5 3. e5 c5 4. c3 d4 5. Bd3 Nh6 6. Be4 Bg7 7. d3 O-O 8. Nf3 Kh8 9. Qb3 Nc6 10. Bxc6 bxc6 11. cxd4 cxd4 12. O-O c5 13. Nbd2 Be6 14. Qc2 Rc8 15. b3 Bd5 16. Ne4 f5 17. Neg5 Nf7 18. Nxf7+ Rxf7 19. Ba3 e6 20. Rac1 Rfc7 21. Nd2 g5 22. Nc4 gxf4 23. Nd6 Bxe5 24. Nxc8 Qxc8 25. Bxc5 Rg7 26. Rf2 f3 27. Bb4 Qxc2 28. Rfxc2 h5 29. Re1 Bf4 30. Bc5 e5 31. Bd6 Kh7 32. Bxe5 Re7 33. Kf2 Be3+ 34. Kg3 Rxe5 35. gxf3 f4+ 36. Kh3 Be6+ 37. Kg2 Rg5+ 38. Kh1 Bd5 39. h4 Bxf3+ 40. Kh2 Rg4 41. Kh3 Rg3+ 42.
Kh2 Kg6 43. Rc5 Rg2+ 44. Kh3 Rg3+ 45. Kh2 Rg4 46. Kh3 Bg2+ 47. Kh2 f3 48. Rc6+ Kf5 49. Rc5+ Ke6 50. Rxh5 f2 51. Rc1 Bxc1 0-1

[Event "Norway Chess 2015 Blitz"]
[Site "Stavanger"]
[Date "2015.06.15"]
[Round "2"]
[White "Topalov, Veselin"]
[Black "Caruana, Fabiano"]
[Result "0-1"]
[ECO "A05"]
[WhiteElo "2641"]
[BlackElo "2679"]
[Annotator ""]
[PlyCount "100"]
[EventDate "2015.??.??"]
[EventCountry "NOR"]
[TimeControl "240+2"]

1. Nf3 Nf6 2. g3 g6 3. b4 Bg7 4. Bb2 O-O 5. Bg2 d5 6. O-O c6 7. d3 a5 8. a3 axb4 9. axb4 Rxa1 10. Bxa1 Na6 11. c3 Re8 12. Nbd2 e5 13. e4 Nc7 14. Qc2 b5 15. Re1 Nd7 16. Nb3 Nb6 17. Na5 Qd6 18. Bb2 h6 19. Bc1 Na4 20.
Be3 Ne6 21. Bd2 Bd7 22. c4 dxc4 23. dxc4 Nd4 24. Nxd4 exd4 25.
Qb3 Nc3 26. Nb7 Qe7 27. Nc5 Be6 28. Bf1 Ra8 29. e5 Na4 30. Nxe6 Qxe6 31. Qc2 Nc3 32. Bxc3 dxc3 33. Qxc3 Qe7 34. cxb5 cxb5 35. Bxb5 Rb8 36. Qc4 Bxe5 37. Bc6 Qf6 38. b5 Bd4 39. Re2 Rd8 40. Kg2 Bb6 41. Bd5 Kg7 42. h4 h5 43. Qe4 Rc8 44. Ba2 Rc5 45. Qd3 Rf5 46. f4 Rc5 47.
Bc4 Rc8 48. Re5 Rd8 49. Rd5 Qb2+ 50. Kh3 Bg1 0-1

[Event "Norway Chess 2015 Blitz"]
[Site "Stavanger"]
[Date "2015.06.15"]
[Round "3"]
[White "Caruana, Fabiano"]
[Black "Carlsen, Magnus"]
[Result "1/2-1/2"]
[ECO "B01"]
[WhiteElo "2679"]
[BlackElo "2933"]
[Annotator ""]
[PlyCount "126"]
[EventDate "2015.??.??"]
[EventCountry "NOR"]
[TimeControl "240+2"]

1. e4 d5 2. exd5 Qxd5 3. Nc3 Qa5 4. Nf3 Nf6 5. d4 c6 6. Bc4 Bg4 7. h3 Bxf3 8. Qxf3 e6 9. Bd2 Qc7 10. O-O-O Nbd7 11. Ne4 Nxe4 12. Qxe4 Bd6 13. Kb1 Nf6 14. Qf3 O-O 15. Bd3 a5 16. h4 Nd5 17. h5 Rfd8 18. Qe4 Nf6 19. Qe2 Bf4 20. Bxf4 Qxf4 21. g3 Qg5 22. c3 h6 23.
Bc2 Kf8 24. Rde1 c5 25. dxc5 Qxc5 26. Rd1 b5 27. Rxd8+ Rxd8 28.
Rd1 Rc8 29. a3 Qxh5 30. Qxh5 Nxh5 31. Rd7 b4 32. cxb4 axb4 33.
axb4 Nf6 34. Rb7 Nd5 35. b5 Nb4 36. Be4 Rc4 37. Bg2 Rd4 38. Rc7 Rd1+ 39. Rc1 Rxc1+ 40. Kxc1 Ke7 41. Kd2 Kd6 42. b6 h5 43. f4 f6 44. Kc3 Nc6 45.
b7 Nb8 46. Kd4 Nd7 47. b4 Kc7 48. Bf3 g6 49. Be4 g5 50. fxg5 fxg5 51. Bf3 h4 52. g4 h3 53. b5 h2 54. Bh1 Nf6 55. Ke5 Nxg4+ 56. Kxe6 Nf2 57. Bg2 Nd1 58. Ke5 Kb8 59.
Ke4 Nf2+ 60. Kf5 h1=Q 61. Bxh1 Nxh1 62. Kxg5 Kxb7 63. b6 Kxb6 1/2-1/2

[Event "Norway Chess 2015 Blitz"]
[Site "Stavanger"]
[Date "2015.06.15"]
[Round "3"]
[White "Giri, Anish"]
[Black "Anand, Viswanathan"]
[Result "1-0"]
[ECO "C50"]
[WhiteElo "2771"]
[BlackElo "2767"]
[Annotator ""]
[PlyCount "51"]
[EventDate "2015.??.??"]
[EventCountry "NOR"]
[TimeControl "240+2"]

1. e4 e5 2. Nf3 Nc6 3. Bc4 Bc5 4. d3 Nf6 5. O-O d6 6. c3 a6 7. Bb3 O-O 8.
Nbd2 Be6 9. Bc2 Ba7 10. h3 Re8 11. Ng5 Bd7 12. Ngf3 Be6 13. Re1 h6 14. Nf1 d5 15. exd5 Bxd5 16. Ng3 Qd7 17. Nh4 Rad8 18. Nhf5 Kh8 19. d4 exd4 20. Nxg7 Rxe1+ 21. Qxe1 Kxg7 22. Bxh6+ Kh8 23. Qd2 Rg8 24. Qf4 Qd6 25. Qh4 Qxg3 26. fxg3 1-0

[Event "Norway Chess 2015 Blitz"]
[Site "Stavanger"]
[Date "2015.06.15"]
[Round "3"]
[White "Hammer, Jon Ludvig"]
[Black "Nakamura, Hikaru"]
[Result "0-1"]
[ECO "B52"]
[WhiteElo "2648"]
[BlackElo "2883"]
[Annotator ""]
[PlyCount "163"]
[EventDate "2015.??.??"]
[EventCountry "NOR"]
[TimeControl "240+2"]

1. e4 c5 2. Nf3 d6 3. Bb5+ Bd7 4. Bxd7+ Nxd7 5. O-O Ngf6 6. Re1 e6 7. c4 a6 8. d4 cxd4 9. Nxd4 Be7 10. b3 O-O 11. Bb2 Re8 12. Nc3 Bf8 13.
Qd2 Rc8 14. Rad1 Qc7 15. Nf3 Qb8 16. h3 b5 17. cxb5 axb5 18. Qd3 b4 19. Na4 d5 20. exd5 Nxd5 21. Ng5 N7f6 22. Ne4 Nxe4 23. Qxe4 Qc7 24. g3 Red8 25. h4 h6 26. Rc1 Qd7 27. Red1 Rxc1 28. Rxc1 Rc8 29. Rc4 Rd8 30. Bd4 Qb5 31. Nc5 Bxc5 32. Rxc5 Qa6 33. Qg4 f6 34. Rc2 e5 35. Ba1 Ne7 36. Rc7 Qd6 37. Rb7 Qd1+ 38. Qxd1 Rxd1+ 39. Kg2 Nd5 40. Rb5 Kf7 41. Bb2 Ke6 42. Rc5 Rd2 43. Bc1 Rxa2 44. Rc6+ Kd7 45. Rc5 Kd6 46. Rc8 h5 47. Kf3 f5 48. Bg5 Ra3 49. Rd8+ Kc6 50. Rc8+ Kb6 51. Bd8+ Kb7 52. Rc5 Rxb3+ 53. Kg2 Rd3 54. Ba5 b3 55. Kf1 b2 56. Rb5+ Ka6
57. Rxb2 Kxa5 58. Rb7 Rd1+ 59. Ke2 Nc3+ 60. Ke3 g6 61. Rg7 Rd6 62.
f3 Kb5 63. g4 Nd5+ 64. Kf2 hxg4 65. fxg4 fxg4 66. Kg3 Nf6 67. Re7 Rd3+ 68. Kg2 Kc4 69. Rxe5 Rd5 70. Re6 Rf5 71. Rd6 Kc5 72. Rd2 Ne4 73. Rd8 Rf2+ 74. Kg1 g3 75. Rg8 Rf6 76. Rd8 Rd6 77. Re8 Kd4 78. Kg2 Ke3 79. Rf8 Rd2+ 80. Kg1 Rh2 81. Rg8 Nd2 82. Re8+ 0-1

[Event "Norway Chess 2015 Blitz"]
[Site "Stavanger"]
[Date "2015.06.15"]
[Round "3"]
[White "Vachier-Lagrave, Maxime"]
[Black "Aronian, Levon"]
[Result "1-0"]
[ECO "A06"]
[WhiteElo "2886"]
[BlackElo "2816"]
[Annotator ""]
[PlyCount "80"]
[EventDate "2015.??.??"]
[EventCountry "NOR"]
[TimeControl "240+2"]

1. Nf3 d5 2. g3 Nf6 3. Bg2 e6 4. O-O Be7 5. d3 O-O 6. Nbd2 Nc6 7. e4 dxe4 8. dxe4 e5 9. c3 a5 10. Qc2 Be6 11. Rd1 Qc8 12. Nf1 Bc5 13.
Be3 Bxe3 14. Nxe3 Rd8 15. Ng5 Rxd1+ 16. Rxd1 Bg4 17. f3 Bd7 18. Qb3 Qe8 19. Qxb7 h6 20. Bh3 Rd8 21. Bxd7 Rxd7 22. Nh3 Rxd1+ 23. Nxd1 Qd7 24. Nhf2 Nd8 25. Qa7 Qd2 26. Qe3 Qd7 27. Qd3 Qe7 28.
Ne3 Ne6 29. Qb5 Qd6 30. Nc4 Qd8 31. Kg2 Nd7 32. Qxa5 Ndc5 33. Nxe5 Qd2 34. b4 Qxc3 35. Qa8+ Nf8 36. bxc5 Qxe5 37. a4 Qxc5 38. a5 g6 39. a6 Kg7 40. a7 Qa5 1-0

[Event "Norway Chess 2015 Blitz"]
[Site "Stavanger"]
[Date "2015.06.15"]
[Round "4"]
[White "Anand, Viswanathan"]
[Black "Vachier-Lagrave, Maxime"]
[Result "1/2-1/2"]
[ECO "B35"]
[WhiteElo "2767"]
[BlackElo "2886"]
[Annotator ""]
[PlyCount "71"]
[EventDate "2015.??.??"]
[EventCountry "NOR"]
[TimeControl "180+2"]

1. e4 c5 2. Nf3 Nc6 3. Nc3 g6 4. d4 cxd4 5. Nxd4 Bg7 6. Be3 Nf6 7. Bc4 Qa5 8. O-O O-O 9. Bb3 d6 10. h3 Bd7 11. f4 Nxd4 12. Bxd4 Bc6 13. Qe1 Qb4 14. Bxf6 Bxf6 15. Nd5 Qc5+ 16. Kh1 Bxd5 17. Bxd5 e6 18. Bb3 Bxb2 19. Rd1 Rfe8 20. Qd2 Rad8 21. f5 b5 22. Rf3 Be5 23.
Qg5 Bg7 24. Qg4 Qe5 25. fxe6 fxe6 26. c4 bxc4 27. Bxc4 d5 28.
exd5 exd5 29. Bb3 Kh8 30. Qa4 Qc7 31. Bxd5 Re5 32. Rff1 h5 33. Bb3 Rxd1 34. Rxd1 Kh7 35. Qc4 Qxc4 36. Bxc4 1/2-1/2

[Event "Norway Chess 2015 Blitz"]
[Site "Stavanger"]
[Date "2015.06.15"]
[Round "4"]
[White "Aronian, Levon"]
[Black "Caruana, Fabiano"]
[Result "1-0"]
[ECO "A46"]
[WhiteElo "2816"]
[BlackElo "2679"]
[Annotator ""]
[PlyCount "174"]
[EventDate "2015.??.??"]
[EventCountry "NOR"]
[TimeControl "180+2"]

1. d4 Nf6 2. Nf3 e6 3. c4 d5 4. g3 Bb4+ 5. Bd2 Be7 6. Bg2 O-O 7. O-O Nbd7 8. Qb3 Nb6 9. cxd5 exd5 10. Bb4 Bxb4 11. Qxb4 a5 12. Qc3 c6 13. Ne5 Re8 14. Nd2 Ng4 15. Nxg4 Bxg4 16. e3 Qd6 17. Rfe1 Be6 18. Nb3 Qc7 19. Nc5 Nd7 20. Nxe6 fxe6 21. e4 Qd6 22. Re2 dxe4 23. Bxe4 Nf6 24. Bc2 Rad8 25. Qxa5 Qxd4 26. Rd1 Ra8 27. Qxa8 Qxd1+ 28. Bxd1 Rxa8 29. Bb3 Kf8 30. Rxe6 Nd7 31. Re3 h6 32. Rf3+ Nf6 33. Kf1 Ke7 34. Ke2 Kd6 35. a3 b5 36. Bc2 Ra7 37. Rd3+ Kc5 38.
f4 b4 39. axb4+ Kxb4 40. Rb3+ Kc5 41. Kf3 Nd5 42. Be4 Kd4 43.
Rd3+ Kc4 44. h4 Rb7 45. Rd2 Rb3+ 46. Kf2 Kc5 47. Bf3 Kd6 48. Bd1 Rb4 49. Kf3 Ke7 50. b3 Nc7 51. Rd3 Ne6 52. Ke3 g5 53. fxg5 hxg5 54. h5 Kf6 55. Rc3 c5 56. Rc4 Rb8 57. g4 Rd8 58. Bc2 Re8 59. Ke4 Nd4+ 60.
Kd5 Re5+ 61. Kd6 Nb5+ 62. Kc6 Nd4+ 63. Kb6 Nxc2 64. Rxc2 Re3 65. Rf2+ Kg7 66. Kxc5 Rc3+ 67. Kd5 Rxb3 68. Rf5 Kh6 69. Rf6+ Kh7 70. Ke6 Rb4 71. Kf5 Rb5+ 72. Ke4 Rb4+ 73. Kf3 Rb3+ 74. Kg2 Rb2+ 75. Rf2 Rb4 76. Kg3 Rb3+ 77. Rf3 Rb4 78. Rf5 Rb3+ 79.
Kf2 Kh6 80. Rf6+ Kh7 81. Rg6 Rb5 82. Ke3 Ra5 83. Ke4 Rb5 84. Rd6 Ra5 85. Rd5 Ra6 86. Rxg5 Kh6 87. Re5 Ra1 1-0

[Event "Norway Chess 2015 Blitz"]
[Site "Stavanger"]
[Date "2015.06.15"]
[Round "4"]
[White "Grischuk, Alexander"]
[Black "Hammer, Jon Ludvig"]
[Result "1/2-1/2"]
[ECO "A45"]
[WhiteElo "2839"]
[BlackElo "2648"]
[Annotator ""]
[PlyCount "137"]
[EventDate "2015.??.??"]
[EventCountry "NOR"]
[TimeControl "180+2"]

1. d4 Nf6 2. Bf4 d5 3. e3 e6 4. Nd2 Bd6 5. Bg3 c5 6. c3 O-O 7. Bd3 Nc6 8.
Ngf3 Qe7 9. Ne5 Nd7 10. Nxd7 Qxd7 11. O-O b6 12. Bxd6 Qxd6 13. f4 f5 14. Nf3 c4 15. Bc2 b5 16. a3 a5 17. g4 Bd7 18. Ne5 Nxe5 19. fxe5 Qe7 20. gxf5 exf5 21. Qf3 Be6 22. Kh1 g6 23. Qg2 Kh8 24. Bd1 Rfb8 25.
Bf3 Qd7 26. h4 b4 27. axb4 axb4 28. Rxa8 Rxa8 29. h5 gxh5 30. Qg5 Qg7 31. Qxh5 bxc3 32. bxc3 Rg8 33. Qh4 h6 34. Qf6 Qxf6 35. exf6 Rf8 36. Rb1 Rxf6 37. Rb6 Kg7 38. Kg1 Bf7 39. Rb7 Kg6 40. Kf2 h5 41. Rd7 Rb6 42. Bxh5+ Kxh5 43. Rxf7 Kg5 44. Kf3 Rb3 45. Rd7 Rxc3 46. Rxd5 Ra3 47. Rc5 c3 48. Rc8 Rb3 49. Rc6 Ra3 50. Rc5 Rb3 51. Rc8 Ra3 52. Ke2 f4 53. Rg8+ Kh6 54. exf4 c2 55. Rc8 Kg6 56.
Rxc2 Kf5 57. Kd2 Kxf4 58.
Rc3 Ra8 59. Kd3 Kf5 60. Rc6 Ra4 61. Rd6 Ra1 62. Kc4 Ra4+ 63. Kb5 Ra1 64. Kc4 Ra4+ 65. Kc5 Ra5+ 66. Kb4 Ra1 67. Kc3 Ke4 68. Re6+ Kd5 69. Re5+ 1/2-1/2

[Event "Norway Chess 2015 Blitz"]
[Site "Stavanger"]
[Date "2015.06.15"]
[Round "4"]
[White "Nakamura, Hikaru"]
[Black "Giri, Anish"]
[Result "1/2-1/2"]
[ECO "A22"]
[WhiteElo "2883"]
[BlackElo "2771"]
[Annotator ""]
[PlyCount "116"]
[EventDate "2015.??.??"]
[EventCountry "NOR"]
[TimeControl "180+2"]

1. c4 Nf6 2. Nc3 e5 3. g3 d5 4. cxd5 Nxd5 5. Bg2 Nb6 6. Nf3 Nc6 7. b3 Be7 8. Bb2 O-O 9. O-O Be6 10. d4 exd4 11. Nb5 Bd5 12. Nbxd4 Nxd4 13. Bxd4 c5 14. Bc3 Bf6 15. Qc2 Re8 16. Rfe1 Rc8 17. Rad1 Bxc3 18. Qxc3 Qe7 19. e4 Be6 20. Qa5 c4 21. Qxa7 Qc5 22. b4 Qc7 23.
Qa5 c3 24. Rc1 Ra8 25. Qb5 Rec8 26. Nd4 Bd7 27. Qe2 Qc4 28. Qe3 Rxa2 29. e5 Nd5 30. Bxd5 Qxd5 31. Rxc3 Rxc3 32. Qxc3 Bh3 33. Nf3 h6 34. Qe3 Rb2 35. Qe4 Qxe4 36. Rxe4 Rb1+ 37. Ne1 Bf5 38. Re3 Rxb4 39. f3 h5 40. h4 b5 41. Kf2 Rb1 42. Nd3 b4 43. Nc5 Rc1 44. Nb3 Rc2+ 45. Ke1 Be6 46. Nd4 Rc1+ 47. Kd2 Rc4 48. Nxe6 fxe6 49.
Rd3 Kf7 50. Rd7+ Kf8 51. Rd6 Kf7 52. Rd7+ Kf8 53. Rb7 Rc5 54. Ke3 Rxe5+ 55. Kd4
Rd5+ 56. Ke4 Ra5 57. Rxb4 Kf7 58. Rb7+ Kf6 1/2-1/2

[Event "Norway Chess 2015 Blitz"]
[Site "Stavanger"]
[Date "2015.06.15"]
[Round "4"]
[White "Topalov, Veselin"]
[Black "Carlsen, Magnus"]
[Result "0-1"]
[ECO "B06"]
[WhiteElo "2641"]
[BlackElo "2933"]
[Annotator ""]
[PlyCount "76"]
[EventDate "2015.??.??"]
[EventCountry "NOR"]
[TimeControl "180+2"]

1. d4 g6 2. e4 Bg7 3. Bc4 c6 4. Qf3 e6 5. Ne2 d5 6. Bb3 Nd7 7. Nbc3 Ne7 8.
O-O O-O 9. Rd1 b6 10. Bf4 Bb7 11. Bd6 Re8 12. h3 Nf6 13. e5 Nd7 14. Ng3 Nc8 15. Ba3 c5 16. dxc5 bxc5 17. Ba4 Ncb6 18. Qe2 Nxa4 19. Nxa4 Qa5 20. b3 Bxe5 21. Bb2 Bxb2 22. Nxb2 Qc7 23. Qe3 e5 24. Qg5 f6 25. Qg4 Rad8 26. Rd2 e4 27. Re1 Ne5 28. Qh4 f5 29. Na4 d4 30.
Qg5 Nf7 31. Qf6 Rd6 32. Qh4 Rde6 33. Rdd1 e3 34. f4 Qc6 35. Re2 Ba6 36. Nb2 Bxe2 37. Nxe2 Nd6 38. Nd3 Ne4 0-1

[Event "Norway Chess 2015 Blitz"]
[Site "Stavanger"]
[Date "2015.06.15"]
[Round "5"]
[White "Carlsen, Magnus"]
[Black "Aronian, Levon"]
[Result "1/2-1/2"]
[ECO "C36"]
[WhiteElo "2933"]
[BlackElo "2816"]
[Annotator ""]
[PlyCount "85"]
[EventDate "2015.??.??"]
[EventCountry "NOR"]
[TimeControl "180+2"]

1. e4 e5 2. f4 exf4 3. Nf3 d5 4. exd5 Nf6 5. Bc4 Nxd5 6. O-O Be7 7. Nc3 Be6 8. Qe2 Nc6 9. d4 O-O 10. Nxd5 Bxd5 11. Bxd5 Qxd5 12. Bxf4 Bd6 13. Qd2 Rae8 14. Bxd6 Qxd6 15. Rae1 Re7 16. d5 Ne5 17. Nxe5 Rxe5 18. Rxe5 Qxe5 19. c4 Re8 20. Qf2 f6 21. b3 b6 22. h3 Kf7 23. Rd1 h5 24. c5 Rd8 25. d6 Rd7 26. b4 bxc5 27. bxc5 cxd6 28. c6 Rc7 29. Rc1 Qd5 30.
Qc2 Qc5+ 31. Qxc5 dxc5 32. Rxc5 g6 33. Kf2 Ke6 34. Ra5 Kd6 35.
Ke3 h4 36. Kf4 Rxc6 37. Rxa7 Rc4+ 38. Kf3 g5 39. Ra6+ Ke5 40.
Ra5+ Ke6 41. Ra6+ Kf5 42. Ra5+ Ke6 43. Ra6+ 1/2-1/2

[Event "Norway Chess 2015 Blitz"]
[Site "Stavanger"]
[Date "2015.06.15"]
[Round "5"]
[White "Caruana, Fabiano"]
[Black "Anand, Viswanathan"]
[Result "0-1"]
[ECO "E06"]
[WhiteElo "2679"]
[BlackElo "2767"]
[Annotator ""]
[PlyCount "110"]
[EventDate "2015.??.??"]
[EventCountry "NOR"]
[TimeControl "180+2"]

1. d4 Nf6 2. c4 e6 3. g3 d5 4. Nf3 Be7 5. Bg2 O-O 6. O-O dxc4 7. Qa4 a6 8.
Qxc4 b5 9. Qc2 Bb7 10. Bd2 Bd6 11. Nh4 Bxg2 12. Kxg2 Nbd7 13. e4 Be7 14. Nc3 c5 15. dxc5 Nxc5 16. Be3 Qd3 17. Rac1 Qxc2 18. Rxc2 Ncxe4 19. Nxe4 Nxe4 20. Nf3 Rfc8 21. Rfc1 Rxc2 22. Rxc2 Nf6 23. Bd4 Nd5 24. Ne5 f6 25. Nc6 Kf7 26. Na5 Ke8 27. f4 Kd7 28. Kf3 Rc8 29. Rxc8 Kxc8 30. Ke4 f5+ 31. Kd3 g6 32. a3 Kd7 33. Nb3 Bd6 34. Nd2 Ne7 35.
Nf3 Nc6 36. Bc3 Be7 37. h3 Kd6 38. b3 Kd5 39. a4 Bd6 40. axb5 axb5 41. Ng5 h6 42. Nf7 Bf8 43. Nh8 g5 44. fxg5 hxg5 45. Nf7 Be7 46. Bd2 Ne5+ 47. Nxe5 Kxe5 48. g4 f4 49. Bc1 Kd5 50. h4 gxh4 51. Bxf4 Bd6 52. Ke3 Bxf4+ 53. Kxf4 e5+ 54. Ke3 h3 55. Kf2 e4 0-1